 Dungeon Crawl Stone Soup version 0.30-a0-900-g23479c02f2 (webtiles) character file.

Game seed: 9729275386001524160

117002 arthad the Convoker (level 16, -9/75 HPs)
             Began as a Felid Summoner on Mar 11, 2023.
             Was an Initiate of Gozag.
             Killed from afar by a salamander tyrant (37 damage)
             ... with a flame surge
             ... on level 4 of the Snake Pit on Mar 18, 2023.
             The game lasted 03:45:24 (37292 turns).

arthad the Convoker (Felid Summoner)               Turns: 37292, Time: 03:45:25

Health: -9/75      AC: 17    Str:  4    XL:     16   Next: 22%
Magic:  13/33      EV: 38    Int: 31    God:    Gozag
Gold:   2832       SH:  0    Dex: 22    Spells: 7/39 levels left
                                        Lives:  0   Deaths: 5

rFire   . . .      SeeInvis +      - Unarmed
rCold   . . .      Faith    .    (shield unavailable)
rNeg    + + .      Spirit   .    (body armour unavailable)
rPois   ∞          Reflect  .    (helmet unavailable)
rElec   +          Rampage  .    (cloak unavailable)
rCorr   .                        (gloves unavailable)
Will    ++...                    (boots unavailable)
Stlth   ++++                     e - amulet "Jyhuisk" {RegenMP Fly Stlth+}
HPRegen 0.32/turn                r - +6 ring of intelligence
MPRegen 0.63/turn                y - ring "Cogasain" {rElec rN++ Int+3 Dex+3 SInv}

@: storm-form, weakened, forested, gold aura, flying
A: cleaving, insubstantial, flying, very small, (claws 1), (fangs 3), see
invisible, (speed 1), (shaggy fur 3), (stealthy paws), no weapons or thrown
items, no armour, multi-lived, (horns 1), (poison resistance), (cold
vulnerability 1)
a: Blinkbolt, End Transformation, Renounce Religion, Potion Petition, Call
Merchant, Bribe Branch


You were on level 4 of the Snake Pit.
You worshipped Gozag.
Gozag was most pleased with you.
You were a lightning-filled tempest!
You visited 5 branches of the dungeon, and saw 30 of its levels.

You collected 13328 gold pieces.
You spent 3224 gold pieces at shops.
You paid 7272 gold pieces to Gozag.

Inventory:

Jewellery
 b - a +5 ring of evasion
 e - the amulet "Jyhuisk" (around neck) {RegenMP Fly Stlth+}
   (You acquired it on level 3 of the Dungeon)

   [amulet of magic regeneration]

   It increases your rate of magic regeneration.
   Fly:       It grants you flight.
   Stlth:     It makes you more stealthy.
 m - a +6 ring of strength
 r - a +6 ring of intelligence (left paw)
 y - the ring "Cogasain" (right paw) {rElec rN++ Int+3 Dex+3 SInv}
   (You found it on level 8 of the Dungeon)

   [ring of see invisible]

   Int:       It affects your intelligence (+3).
   Dex:       It affects your dexterity (+3).
   rElec:     It insulates you from electricity.
   rN:        It greatly protects you from negative energy.
   SInv:      It lets you see invisible.
 C - a +6 ring of intelligence
 I - a ring of positive energy
 Q - a ring of protection from fire
 R - a ring of magical power
 T - a +4 ring of protection
 Y - a ring of poison resistance
Wands
 j - a wand of flame (56)
 k - a wand of iceblast (18)
 A - a wand of quicksilver (3)
 B - a wand of digging (23)
 K - a wand of charming (2)
 S - a wand of polymorph (6)
Scrolls
 a - 2 scrolls of amnesia
 g - 3 scrolls of fog
 h - 5 scrolls of torment
 l - 11 scrolls of teleportation
 n - a scroll of brand weapon
 o - 5 scrolls of noise
 u - 6 scrolls of enchant armour
 v - a scroll of summoning
 D - 9 scrolls of identify
 E - 4 scrolls of silence
 G - 5 scrolls of fear
 L - 5 scrolls of magic mapping
 M - a scroll of blinking
 P - 4 scrolls of immolation
 U - 2 scrolls of poison
 V - 2 scrolls of vulnerability
Potions
 c - 4 potions of flight
 d - 4 potions of mutation
 f - 3 potions of haste
 i - 13 potions of curing
 p - 2 potions of ambrosia
 q - 3 potions of magic
 s - 6 potions of brilliance
 t - 6 potions of might
 w - 4 potions of lignification
 z - 7 potions of attraction
 J - 4 potions of resistance
 N - 6 potions of heal wounds
 O - 3 potions of invisibility
 Z - a potion of degeneration
Miscellaneous
 F - a tin of tremorstones (2/2)
 W - a phial of floods


   Skills:
 + Level 11.3 Fighting
 + Level 14.6 Dodging
 - Level 2.6 Stealth
 + Level 9.3 Unarmed Combat
 * Level 12.3 Spellcasting
 - Level 5.0 Hexes
 * Level 16.5 Summonings
 - Level 12.0 Translocations
 * Level 12.1 Transmutations
 * Level 13.9 Air Magic


You had 7 spell levels left.
You knew the following spells:

 Your Spells              Type           Power      Damage    Failure   Level
a - Storm Form            Tmut/Air       39%        N/A       11%         7
b - Summon Cactus Giant   Summ           44%        N/A       1%          6
c - Call Canine Familiar  Summ           89%        N/A       0%          3
d - Summon Guardian Gole  Hex/Summ       72%        N/A       1%          3
e - Summon Lightning Spi  Summ/Air       85%        N/A       1%          4
f - Summon Forest         Summ/Tloc      41%        N/A       1%          5
g - Manifold Assault      Tloc           76%        N/A       1%          4

Your spell library contained the following spells:

 Spells                   Type           Power      Damage    Failure   Level
 Summon Small Mammal      Summ           100%       N/A       0%          1
 Call Imp                 Summ           89%        N/A       0%          2
 Apportation              Tloc           100%       N/A       1%          1
 Beastly Appendage        Tmut           100%       N/A       1%          1
 Shock                    Conj/Air       100%       1d9       1%          1
 Cigotuvi's Dreadful Rot  Necr/Pois/Air  94%        N/A       1%          2
 Lesser Beckoning         Tloc           100%       N/A       1%          2
 Poisonous Vapours        Pois/Air       100%       N/A       1%          2
 Static Discharge         Conj/Air       100%       2-7/arc   1%          2
 Wereblood                Tmut           76%        N/A       1%          2
 Gell's Gravitas          Tloc           76%        N/A       1%          3
 Kindle Blastsparks       Fire/Tloc/Air  100%       2d18      1%          3
 Mephitic Cloud           Conj/Pois/Air  47%        N/A       1%          3
 Spider Form              Tmut/Pois      54%        N/A       1%          3
 Swiftness                Air            81%        N/A       1%          3
 Teleport Other           Tloc           76%        N/A       1%          3
 Airstrike                Air            40%        2d(6-22)  1%          4
 Summon Ice Beast         Ice/Summ       63%        N/A       1%          4
 Foxfire                  Conj/Fire      76%        2x1d7     2%          1
 Freeze                   Ice            76%        1d8       2%          1
 Inner Flame              Hex/Fire       34%        N/A       2%          3
 Iskenderun's Mystic Bla  Conj/Tloc      54%        2d12      2%          4
 Summon Hydra             Summ           44%        N/A       2%          7
 Cause Fear               Hex            25%        N/A       3%          4
 Dispersal                Tloc           38%        N/A       3%          6
 Scorch                   Fire           38%        2d7       4%          2
 Lightning Bolt           Conj/Air       29%        1d45      4%          5
 Alistair's Intoxication  Tmut/Pois      36%        N/A       6%          5
 Malign Gateway           Summ/Tloc      41%        N/A       6%          7
 Frozen Ramparts          Ice            38%        1d6       8%          3
 Hailstorm                Conj/Ice       19%        3d6       8%          3
 Fulminant Prism          Conj/Hex       17%        3d10      10%         4
 Leda's Liquefaction      Hex/Erth       17%        N/A       10%         4
 Dragon Form              Tmut           38%        N/A       16%         7
 Conjure Ball Lightning   Conj/Air       29%        3x3d8     22%         6
 Flame Wave               Conj/Fire      19%        2d7       26%         4
 Sticky Flame             Conj/Fire      19%        2d4       26%         4
 Eringya's Noxious Bog    Tmut/Pois      27%        N/A       32%         6
 Statue Form              Tmut/Erth      36%        N/A       32%         6
 Fireball                 Conj/Fire      9%         3d6       58%         5
 Lee's Rapid Deconstruct  Erth           9%         3d7*      58%         5
 Starburst                Conj/Fire      9%         6d5       99%         6
 Summon Horrible Things   Summ           44%        N/A       19%         8
 Maxwell's Capacitive Co  Air            40%        ∞         50%         8
 Disjunction              Tloc           38%        N/A       77%         8
 Dragon's Call            Summ           44%        N/A       96%         9
 Discord                  Hex            25%        N/A       100%        8
 Portal Projectile        Hex/Tloc       Unusable   N/A       N/A         3
 Animate Armour           Summ/Erth      Unusable   N/A       N/A         4

Dungeon Overview and Level Annotations

Branches:
Dungeon (15/15)            Temple (0/1) D:5            Lair (5/5) D:9
 Shoals (4/4) Lair:3        Snake (4/4) Lair:2        Slime (0/5) Lair:4
    Orc (2/2) D:11            Elf (0/3) Orc:2        Vaults (0/5) D:13
 Depths (0/4) D:15

Altars:
Elyvilon
Fedhas
Gozag
Hepliaklqana
Ru
Sif Muna
Trog
Uskayaw
Xom
Yredelemnul

Shops:
D:10 :(*   Orc:1 ?([?:   Orc:2 [[*(   Lair:1 :   Lair:2 :=::=   Shoals:1 (
Snake:2 **

Annotations:
D:4 2 transporters, Pimp's ghost, amateur OpTm
D:12 2 runed translucent doors, cforsyth's ghost, journeyman BaFi
Lair:3 1 runed translucent door, Rupert
Shoals:4 3 runed translucent doors


Innate Abilities, Weirdness & Mutations

You are a lightning-filled tempest!
Your electrical attacks strike out in all directions at once.
You are incredibly evasive.
Your insubstantial body is immune to petrification, constriction, and being set on fire You are flying.
((You have sharp claws.))
((You have razor-sharp teeth.))
You have supernaturally acute eyesight. (SInv)
((You cover ground quickly. (Speed+)))
((Your thick and shaggy fur keeps you warm. (AC +3, rC+)))
((Your paws help you pounce on unaware monsters.))
You are incapable of wielding weapons or throwing items.
You cannot wear armour.
You gain extra lives every three experience levels.
((You have a pair of small horns on your head.))
((Your system is resistant to poisons. (rPois)))
((You are vulnerable to cold. (rC-)))


Message History

Something barely misses the guardian serpent.
Something hits the guardian serpent but does no damage.
Your dryad struggles to escape constriction.
The nagaraja casts a spell at your snaplasher vine.
The bolt of poison hits your snaplasher vine!
Your snaplasher vine is destroyed!
The nagaraja shouts!
You buffet the salamander tyrant!
The salamander tyrant is moderately wounded.
The naga loses its grip on your dryad.
Your snaplasher vine hits the salamander tyrant!
Your snaplasher vine constricts the salamander tyrant.
Your snaplasher vine grabs something.
Your snaplasher vine hits something but does no damage.
Your snaplasher vine constricts something.
The nagaraja gestures at you while chanting.
The bolt of poison misses you.
The salamander tyrant rends the earth beneath you!
The blast of magma engulfs the salamander tyrant!
The salamander tyrant partially resists.
The blast of magma engulfs you!!!
The blast of magma engulfs your snaplasher vine!!
Your dryad calls out to the forest.
The forest starts to sway and rumble!
You hit the salamander tyrant.
The salamander tyrant is severely wounded.
Tree limbs sway around you.
The naga is hit by a branch!
A root smacks the salamander tyrant from below!
A root smacks the nagaraja from below!
Something barely misses the guardian serpent.
Something hits the guardian serpent!
The guardian serpent dies!
Your snaplasher vine hits the salamander tyrant.
Your snaplasher vine constricts the salamander tyrant.
The nagaraja is distracted by your dazzling golden aura.
The salamander tyrant calls gouts of flame from the lava!
The flame surge hits you!!!
You die...
Your body crumbles into a pile of gold.

..)...#.# ........#...
....#.#.###......# ...
....##..##.).....#....
######..#).......#...
#.))...........
#.=).)).....♣. ..N
#.....#####.♣....#♣
... ...... #.....≈w♣♣♣
.N.. ####.#
#....≈vN..##♣ .... #
##
##...♣≈≈..CR####$..♣ #
##.......♣N.$.$#.#.. #
##♣....♣N.$.\.$.... #
#.♣..$[..$$..§..( #
♣♣♣♣♣♣♣♣#..$).... #
### ####♣..## $♣♣ # ..


You could see a nagaraja (fast, unaware, ally target), a salamander tyrant
(distracted, ally target), a naga (distracted), a friendly dryad (summoned), a
friendly cactus giant (summoned, slow) and a friendly snaplasher vine.

Vanquished Creatures
  4 nagarajas (Snake:4)
  Roxanne (D:15)
  2 merfolk javelineers (Shoals:4)
  3 merfolk impalers
  A death knight (D:14)
  A catoblepas (D:12)
  2 satyrs
  3 merfolk aquamancers
  A shock serpent (Snake:4)
  A vampire mage (D:15)
  3 naga warriors (Snake:2)
  2 naga sharpshooters
  3 skeletal warriors (D:15)
  A salamander mystic (Snake:3)
  2 skysharks
  4 sea snakes
  An orb spider (D:15)
  4 phantasmal warriors
  A mana viper (Snake:1)
  5 harpies (Shoals:2)
  2 deep elf pyromancers
  A deep elf archer (D:15)
  5 manticores
  An ugly thing (D:14)
  A cyclops (shapeshifter) (D:15)
  An orc sorcerer (Orc:1)
  A cyclops (D:12)
  A moth of wrath (shapeshifter) (D:13)
  3 fauns
  A frost giant zombie (D:15)
  Maurice (D:8)
  A salamander (Snake:3)
  An elephant (Lair:4)
  2 naga magi (Snake:2)
  6 black mambas
  A guardian serpent (Snake:2)
  3 water nymphs (Shoals:4)
  2 merfolk sirens (Shoals:3)
  2 unseen horrors (D:12)
  3 cane toads
  Maggie (Lair:1)
  A yaktaur (D:15)
  A spectral naga (Snake:2)
  10 merfolk
  2 polar bears (Lair:5)
  Grinder (D:3)
  3 dream sheep (Lair:5)
  A snapping turtle (Shoals:2)
  A shadow (D:12)
  2 wraiths
  A vampire (D:11)
  A hog (Shoals:1)
  A basilisk (Lair:5)
  2 yaks
  A vampire mosquito (D:12)
  2 wargs (Lair:5)
  2 nagas
  An acid dragon (D:11)
  A water moccasin (Lair:3)
  4 hell hounds (Lair:5)
  2 orc warriors (Orc:1)
  4 black bears (Lair:5)
  An ogre (Orc:2)
  2 wolves (Lair:5)
  A bullfrog (Lair:1)
  2 electric eels
  A howler monkey (D:7)
  2 nameless horrors
  A centaur zombie (D:10)
  3 orc priests (Orc:1)
  An orc wizard (D:6)
  An orc (Orc:2)
  An endoplasm (D:2)
  2 goblins (D:1)
  A hobgoblin (D:1)
  A jackal (D:4)
  A kobold (D:1)
  A bat (D:2)
151 creatures vanquished.

Vanquished Creatures (collateral kills)
  Gastronok (D:11)
  Frances (Shoals:1)
  Kirke (Shoals:1)
  A nagaraja (Snake:4)
  A frost giant (Shoals:2)
  Aizul (Snake:3)
  A juggernaut zombie (D:15)
  3 merfolk javelineers
  2 merfolk impalers
  4 vault guards (D:13)
  4 hydras
  Erolcha (D:10)
  2 catoblepae
  A salamander tyrant (Snake:4)
  4 ogre magi (Orc:2)
  A death knight (D:15)
  12 two-headed ogres
  3 centaur warriors
  3 satyrs (Shoals:4)
  2 anacondas
  2 merfolk aquamancers (Shoals:4)
  3 boulder beetles (D:13)
  2 alligator snapping turtles
  Erica (D:8)
  14 naga warriors
  4 death yaks
  An orc high priest (Orc:1)
  A naga sharpshooter (Snake:1)
  A fire crab (Lair:1)
  4 salamander mystics
  8 skeletal warriors
  7 sea snakes
  2 slime creatures (D:12)
  A phantasmal warrior (Snake:2)
  A naga ritualist (Snake:2)
  An orc knight (D:13)
  A necromancer (D:15)
  A lindwurm (Lair:5)
  4 harpies (Shoals:2)
  A wizard (D:15)
  Pikel (D:9)
  An orc sorcerer (D:13)
  2 mana vipers
  8 manticores
  10 cyclopes
  A faun (Shoals:1)
  Joseph (D:8)
  An oklob plant (Lair:4)
  A frost giant zombie (D:15)
  10 salamanders
  12 ugly things
  16 elephants
  8 merfolk sirens
  6 centaur zombies (D:10)
  3 guardian serpents (Snake:4)
  5 naga magi
  3 water nymphs
  9 black mambas
  3 gargoyles
  2 unseen horrors (D:12)
  An unseen horror zombie (D:10)
  11 cane toads
  2 torpor snails
  3 kobold demonologists
  A yaktaur (shapeshifter) (D:15)
  An unseen horror (shapeshifter) (D:15)
  8 rime drakes
  2 freezing wraiths (D:15)
  9 komodo dragons
  A yaktaur (D:12)
  Psyche (D:8)
  A tengu conjurer (D:13)
  5 wind drakes
  A guardian mummy (D:15)
  3 meliai (D:14)
  6 polar bears
  15 merfolk
  9 trolls
  A hornet (D:8)
  7 blink frogs
  A wolf spider simulacrum (D:13)
  A raiju (Lair:5)
  12 dream sheep
  4 snapping turtles
  3 centaur simulacra
  5 wraiths
  An ettin skeleton (D:15)
  Sigmund (D:5)
  2 wyverns
  A human (D:13)
  38 yaks
  5 water elementals
  5 basilisks
  2 hogs (Shoals:1)
  2 vampire mosquitoes (D:12)
  Edmund (D:5)
  3 steam dragons
  12 nagas
  3 wargs (Lair:5)
  An acid dragon (D:12)
  Duvessa (D:6)
  20 water moccasins
  9 hell hounds (Lair:5)
  17 orc warriors
  3 sky beasts
  An ice beast (shapeshifter) (D:12)
  4 ice beasts
  10 black bears
  11 wolves
  20 ogres
  6 centaurs
  A tengu (shapeshifter) (D:15)
  3 lemures (D:9)
  5 kobold brigands
  Blork the orc (D:4)
  12 bullfrogs
  4 scorpions
  4 wights (D:6)
  Dowan (D:6)
  20 orc priests
  3 hounds
  6 jellies
  A gnoll bouda (D:10)
  2 sleepcaps
  15 orc wizards
  8 hell rats (Lair:5)
  Robin (D:2)
  8 adders
  6 gnolls
  A shadow imp (D:5)
  3 white imps
  2 ufetubi
  A worm (D:2)
  7 dart slugs
  66 orcs
  7 ball pythons
  4 bats
  3 endoplasms
  2 giant cockroaches (D:1)
  16 goblins
  5 hobgoblins
  5 jackals (D:4)
  16 kobolds
  3 quokkas
  A frilled lizard (D:2)
  9 rats
757 creatures vanquished.

Vanquished Creatures (others)
  Jorgrun (Snake:1)
  Asterion (Snake:3)
  Josephine (Shoals:1)
  A hydra (Lair:5)
  Harold (D:9)
  A catoblepas (Lair:5)
  6 two-headed ogres
  A naga warrior (Snake:3)
  A death yak (Lair:2)
  Sonja (D:10)
  A skeletal warrior (D:15)
  A skyshark (Lair:5)
  A lindwurm (Lair:5)
  A mana viper (Snake:1)
  A manticore (Lair:5)
  A centaur zombie (D:10)
  9 elephants
  2 black mambas
  A cane toad (Lair:5)
  A kobold demonologist (D:7)
  2 komodo dragons
  2 polar bears (Lair:5)
  4 merfolk
  A hornet (Lair:1)
  A wind drake (Shoals:2)
  A meliai zombie (D:10)
  2 blink frogs
  A snapping turtle (Shoals:2)
  A raiju (Lair:5)
  2 dream sheep (Lair:5)
  A wyvern (Lair:5)
  17 yaks
  A steam dragon (D:10)
  A human (Lair:3)
  2 wargs
  2 nagas
  2 water moccasins (Lair:5)
  An ice beast (D:7)
  3 orc warriors
  A black bear (Lair:5)
  3 ogres
  3 wolves
  A lemure (D:9)
  2 kobold brigands
  A howler monkey (D:7)
  Crazy Yiuf (D:7)
  3 iguanas
  4 orc wizards
  3 hell rats (Lair:5)
  2 gnolls (Orc:1)
  An orc (Orc:1)
  A goblin (D:2)
  43 fungi
  198 plants
  9 snaplasher vines
  5 toadstools (D:1)
  7 withered plants (D:15)
369 creatures vanquished.

Grand Total: 1277 creatures vanquished

Notes
Turn   | Place    | Note
-------+----------+-------------------------------------------
     0 | D:1      | arthad the Felid Summoner began the quest for the Orb.
     0 | D:1      | Reached XP level 1. HP: 7/7 MP: 4/4
   255 | D:1      | Reached XP level 2. HP: 11/11 MP: 3/6
   258 | D:1      | Learned a level 2 spell: Call Imp
   982 | D:2      | Reached skill level 5 in Summonings
  1032 | D:2      | Reached XP level 3. HP: 13/14 MP: 2/7
  1036 | D:2      | Learned a level 3 spell: Call Canine Familiar
  1335 | D:2      | Reached skill level 1 in Hexes
  1412 | D:2      | Noticed Robin
  1421 | D:2      | Killed Robin
  1531 | D:2      | Reached XP level 4. HP: 18/18 MP: 5/8
  2054 | D:2      | Got the Anthology of Rallying and Effluvium
  2726 | D:3      | Noticed Grinder
  2743 | D:3      | Identified a scroll of acquirement
  2743 | D:3      | Acquired the amulet "Jyhuisk" {RegenMP Fly Stlth+}
  2750 | D:3      | Paralysed by Grinder for 2 turns
  2775 | D:3      | Killed Grinder
  2776 | D:3      | Reached skill level 6 in Summonings
  2776 | D:3      | Reached XP level 5. HP: 21/21 MP: 1/11
  2776 | D:3      | Gained mutation: You are covered in thick fur. (AC +2)
                  | [Felid growth]
  2776 | D:3      | Reached XP level 6. HP: 24/24 MP: 1/12
  2780 | D:3      | Learned a level 3 spell: Summon Guardian Golem
  3305 | D:4      | Found a transporter.
  3308 | D:4      | Noticed Pimp's ghost (amateur OpTm)
  3373 | D:4      | Noticed Blork the orc
  3401 | D:4      | Killed Blork the orc
  3458 | D:4      | Found a transporter.
  3698 | D:4      | Noticed a sky beast
  3714 | D:4      | Killed a sky beast
  3715 | D:4      | Reached skill level 1 in Fighting
  3715 | D:4      | Reached skill level 1 in Air Magic
  3715 | D:4      | Reached XP level 7. HP: 28/28 MP: 13/13
  3813 | D:4      | Found a white marble altar of Elyvilon.
  3813 | D:4      | Found an opulent altar of Gozag.
  3822 | D:4      | Found a faded altar of an unknown god.
  3824 | D:4      | Became a worshipper of Gozag Ym Sagoz the Greedy
  3828 | D:4      | Found a bloodstained altar of Trog.
  3830 | D:4      | Found a sacrificial altar of Ru.
  3867 | D:5      | Entered Level 5 of the Dungeon
  3877 | D:5      | Reached skill level 5 in Hexes
  3890 | D:5      | Found a staircase to the Ecumenical Temple.
  3901 | D:5      | Learned a level 4 spell: Summon Lightning Spire
  4061 | D:5      | Noticed Edmund
  4101 | D:5      | Killed Edmund
  4481 | D:5      | Noticed Sigmund
  4561 | D:5      | Killed Sigmund
  4743 | D:5      | Reached XP level 8. HP: 33/33 MP: 8/15
  5180 | D:6      | Reached skill level 7 in Summonings
  5448 | D:6      | Reached skill level 5 in Dodging
  5668 | D:6      | Noticed Duvessa
  5668 | D:6      | Noticed Dowan
  5693 | D:6      | Killed Duvessa
  5694 | D:6      | Reached XP level 9. HP: 33/38 MP: 4/17
  5722 | D:6      | Killed Dowan
  5723 | D:6      | Reached skill level 5 in Spellcasting
  6355 | D:7      | Reached skill level 8 in Summonings
  6371 | D:7      | Noticed a kobold demonologist
  6374 | D:7      | Noticed a kobold demonologist
  6377 | D:7      | Killed a kobold demonologist
  6378 | D:7      | Reached skill level 5 in Air Magic
  6386 | D:7      | Killed a kobold demonologist
  6503 | D:7      | Identified the +6 mace "Wierchass" {freeze, rC+ rCorr}
  7098 | D:7      | Found a runed translucent door.
  7099 | D:7      | Noticed Crazy Yiuf
  7555 | D:7      | Killed Crazy Yiuf
  7823 | D:8      | Identified the ring "Cogasain" {rElec rN++ Int+3 Dex+3
                  | SInv}
  7831 | D:8      | Learned a level 3 spell: Inner Flame
  8054 | D:8      | Noticed Psyche
  8096 | D:8      | Killed Psyche
  8097 | D:8      | Reached skill level 9 in Summonings
  8111 | D:8      | Noticed Joseph
  8129 | D:8      | Killed Joseph
  8130 | D:8      | Reached XP level 10. HP: 30/43 MP: 15/19
  8364 | D:8      | Noticed Erica
  8380 | D:8      | Killed Erica
  8381 | D:8      | Reached skill level 5 in Fighting
  8497 | D:8      | Noticed Maurice
  8510 | D:8      | Killed Maurice
  8668 | D:9      | Found a staircase to the Lair.
  8823 | D:9      | Reached skill level 10 in Summonings
  8916 | D:9      | Noticed Harold
  8925 | D:9      | Noticed Pikel
  8932 | D:9      | Killed Harold
  8933 | D:9      | Reached XP level 11. HP: 48/48 MP: 19/21
  8953 | D:9      | Killed Pikel
  9384 | D:10     | Entered Level 10 of the Dungeon
  9428 | D:10     | Noticed Erolcha
  9430 | D:10     | Killed Erolcha
  9431 | D:10     | Noticed Sonja
  9446 | D:10     | HP: 1/48 [gnoll/+0 halberd[a gnoll bouda] (13)]
  9449 | D:10     | Slain by Sonja
  9450 | D:10     | Reached XP level 10. HP: -3/46 MP: 6/21
  9450 | D:10     | Killed Sonja
  9472 | D:10     | Reached skill level 11 in Summonings
  9600 | D:10     | Reached XP level 11. HP: 49/49 MP: 22/22
  9608 | D:10     | Noticed a two-headed ogre
  9624 | D:10     | Found a basalt altar of Yredelemnul.
  9628 | D:10     | Killed a two-headed ogre
  9692 | D:10     | Found Butzaog's Book Shop.
  9705 | D:10     | Learned a level 4 spell: Manifold Assault
  9729 | D:10     | Found Hegodoest's Firing Range.
  9764 | D:10     | Found Seik's Demolitions Depot.
  9969 | D:10     | Identified the +9 quarterstaff "Adedghily" {freeze, Contam
                  | rCorr Str+5 SInv}
 10115 | D:10     | Found a shimmering altar of Xom.
 10122 | D:10     | Found a hazy altar of Hepliaklqana.
 10126 | D:10     | Found a hide-covered altar of Uskayaw.
 10344 | D:10     | Upgraded the game from 0.30-a0-870-gc5d4c5acee to
                  | 0.30-a0-879-ga8ba668304
 10392 | D:11     | Reached skill level 1 in Translocations
 10548 | D:11     | Noticed Gastronok
 10583 | D:11     | Found a staircase to the Orcish Mines.
 11027 | D:11     | Reached skill level 10 in Dodging
 11059 | D:11     | Killed Gastronok
 11702 | D:11     | Found a shimmering blue altar of Sif Muna.
 11713 | D:11     | Reached skill level 12 in Summonings
 11920 | D:12     | Noticed a green ugly thing
 11923 | D:12     | Noticed a white ugly thing
 11935 | D:12     | Killed a white ugly thing
 11946 | D:12     | Gained mutation: Your thick and shaggy fur keeps you warm.
                  | (AC +3, rC+) [Felid growth]
 11946 | D:12     | Reached XP level 12. HP: 54/54 MP: 16/24
 11952 | D:12     | Noticed a catoblepas
 12012 | Lair:1   | Entered Level 1 of the Lair of Beasts
 12048 | Lair:1   | Noticed Maggie
 12064 | Lair:1   | Killed Maggie
 12535 | Lair:1   | Reached skill level 10 in Air Magic
 12674 | Lair:1   | Killed by an exploding themself... ignited by their inner
                  | flame
 12675 | Lair:1   | Reached XP level 11. HP: -1/51 MP: 21/24
 12702 | Lair:1   | Reached skill level 5 in Translocations
 12830 | Lair:1   | Noticed a fire crab
 13038 | Lair:1   | Killed a fire crab
 13062 | Lair:1   | Noticed an anaconda
 13062 | Lair:1   | Noticed a death yak
 13564 | Lair:1   | Killed an anaconda
 13592 | Lair:1   | Killed a death yak
 13820 | Lair:1   | Bought a book of the Sky for 572 gold pieces
 13910 | Lair:2   | Reached skill level 1 in Unarmed Combat
 14081 | Lair:2   | Found a staircase to the Snake Pit.
 14095 | Lair:2   | Reached XP level 12. HP: 55/55 MP: 21/25
 14118 | Lair:2   | Reached skill level 1 in Transmutations
 14194 | Lair:2   | Reached skill level 13 in Summonings
 14723 | Lair:2   | Noticed a death yak
 14726 | Lair:2   | Noticed a death yak
 14728 | Lair:2   | Noticed a death yak
 14735 | Lair:2   | Noticed a death yak
 14736 | Lair:2   | Killed a death yak
 14744 | Lair:2   | Killed a death yak
 14745 | Lair:2   | Killed a death yak
 14753 | Lair:2   | Killed a death yak
 15303 | Lair:3   | Noticed an eight-headed hydra
 15311 | Lair:3   | Killed an eight-headed hydra
 15396 | Lair:3   | Noticed a seven-headed hydra
 15407 | Lair:3   | Killed a seven-headed hydra
 15469 | Lair:3   | Reached XP level 13. HP: 59/59 MP: 24/26
 16020 | Lair:3   | Found a staircase to the Shoals.
 16341 | Lair:3   | Found a runed translucent door.
 16414 | Lair:3   | Identified the ring "Tujiugox" {Will+ Slay+6}
 16414 | Lair:3   | Noticed Rupert
 16941 | Lair:4   | Reached skill level 5 in Transmutations
 17725 | Lair:4   | Found a staircase to the Slime Pits.
 17837 | Lair:5   | Entered Level 5 of the Lair of Beasts
 17863 | Lair:5   | Reached skill level 5 in Unarmed Combat
 18392 | Lair:5   | Reached XP level 14. HP: 64/64 MP: 19/28
 18765 | Lair:5   | Reached skill level 14 in Summonings
 20640 | Orc:1    | Entered Level 1 of the Orcish Mines
 20660 | Orc:1    | Found Xuaseput's Armour Boutique.
 20878 | Orc:1    | Found Cisot's Magic Scroll Shoppe.
 20947 | Orc:1    | Found Piukepu's Book Boutique.
 21002 | Orc:2    | Entered Level 2 of the Orcish Mines
 21409 | Orc:2    | Found a staircase to the Elven Halls.
 21673 | Orc:2    | Reached XP level 15. HP: 68/68 MP: 27/29
 21682 | Orc:2    | Learned a level 7 spell: Storm Form
 21933 | Orc:2    | Found Ebistoc's Antique Armour Boutique.
 21934 | Orc:2    | Found Gereoc's Weapon Emporium.
 21934 | Orc:2    | Found Vugimo's Assorted Antiques.
 21934 | Orc:2    | Found Gifeod's Antique Armour Shoppe.
 21942 | Orc:2    | Bought a scroll labelled JIOLEBUIHI for 22 gold pieces
 21942 | Orc:2    | Bought a short bone wand for 88 gold pieces
 21942 | Orc:2    | Bought a golden potion for 19 gold pieces
 22141 | Orc:1    | Found Ewimyq's Magic Scroll Emporium.
 22146 | Orc:1    | Bought a scroll of acquirement for 624 gold pieces
 22148 | Orc:1    | Acquired 1092 gold pieces
 22177 | Orc:1    | Found Pentabbi's Antique Weapon Boutique.
 22646 | Lair:2   | Bought a Fen Folio for 462 gold pieces
 22646 | Lair:2   | Bought a book of Scorching for 330 gold pieces
 22653 | Lair:2   | Learned a level 6 spell: Summon Cactus Giant
 22653 | Lair:2   | Upgraded the game from 0.30-a0-879-ga8ba668304 to
                  | 0.30-a0-883-g5ad918d77d
 22685 | Snake:1  | Entered Level 1 of the Snake Pit
 22705 | Snake:1  | Noticed Jorgrun
 22718 | Snake:1  | Killed Jorgrun
 23107 | Snake:1  | Shot with an arrow by a naga sharpshooter
 23108 | Snake:1  | Reached XP level 14. HP: -4/65 MP: 11/28
 23549 | D:12     | Found a large runed translucent door.
 23550 | D:12     | Found a large runed translucent door.
 23831 | D:12     | Reached skill level 10 in Translocations
 23953 | D:12     | Got the Precepts of Striking
 24139 | D:12     | Noticed cforsyth's ghost (journeyman BaFi)
 24659 | D:13     | Killed by an exploding themself... ignited by their inner
                  | flame
 24660 | D:13     | Reached XP level 13. HP: -1/61 MP: 13/27
 25086 | D:13     | Reached skill level 10 in Spellcasting
 25127 | D:13     | Reached skill level 10 in Fighting
 25302 | D:13     | Found a gate to the Vaults.
 25807 | D:12     | Reached skill level 15 in Summonings
 26080 | D:14     | Reached XP level 14. HP: 66/66 MP: 2/29
 26177 | D:14     | Learned a level 5 spell: Summon Forest
 26266 | D:14     | Gained mutation: You are vulnerable to heat. (rF-)
                  | [mutagenic glow]
 26845 | D:15     | Entered Level 15 of the Dungeon
 26861 | D:15     | Found a blossoming altar of Fedhas.
 26988 | D:15     | Noticed Nessos
 26989 | D:15     | Nessos changed into Nessos the orb spider
 26989 | D:15     | Noticed Nessos
 26991 | D:15     | Killed Nessos the orb spider
 26995 | D:15     | Noticed Roxanne
 27567 | D:15     | Found a staircase to the Depths.
 27961 | D:15     | Acquired 599 gold pieces
 28274 | D:15     | Killed Roxanne
 28768 | Shoals:1 | Entered Level 1 of the Shoals
 28768 | Shoals:1 | Noticed Frances
 28782 | Shoals:1 | Killed Frances
 28909 | Shoals:1 | Gained mutation: You sometimes lose your temper in combat.
                  | [mutagenic glow]
 28977 | Shoals:1 | Noticed Josephine
 28980 | Shoals:1 | Noticed Kirke
 28987 | Shoals:1 | Reached XP level 15. HP: 70/70 MP: 8/30
 28993 | Shoals:1 | Killed Josephine
 28997 | Shoals:1 | Killed Kirke
 29259 | Shoals:1 | Reached skill level 10 in Transmutations
 29432 | Shoals:1 | Found Jauq's Weapon Shoppe.
 29959 | Shoals:1 | Lost mutation: You are vulnerable to heat. (rF-) [potion of
                  | mutation]
 29959 | Shoals:1 | Lost mutation: You sometimes lose your temper in combat.
                  | [potion of mutation]
 29959 | Shoals:1 | Gained mutation: You occasionally lose the ability to drink
                  | potions when taking damage. [potion of mutation]
 29959 | Shoals:1 | Gained mutation: You are strong-willed. (Will+) [potion of
                  | mutation]
 29960 | Shoals:1 | Lost mutation: You are strong-willed. (Will+) [potion of
                  | mutation]
 29960 | Shoals:1 | Lost mutation: You occasionally lose the ability to drink
                  | potions when taking damage. [potion of mutation]
 29960 | Shoals:1 | Gained mutation: Your system is resistant to poisons.
                  | (rPois) [potion of mutation]
 29960 | Shoals:1 | Gained mutation: You have a pair of small horns on your
                  | head. [potion of mutation]
 30338 | Shoals:2 | HP: 2/70 [merfolk/+0 trident[a merfolk aquamancer] (18)]
 31165 | Shoals:2 | Noticed a frost giant
 31179 | Shoals:2 | Killed a frost giant
 31576 | Shoals:3 | Identified the +8 trident "Jowoasch" {holy, rC++ Str-5 SInv
                  | Stlth+}
 32476 | Shoals:4 | Entered Level 4 of the Shoals
 32521 | Shoals:4 | Upgraded the game from 0.30-a0-883-g5ad918d77d to
                  | 0.30-a0-900-g23479c02f2
 32675 | Shoals:4 | Noticed a frost giant
 32967 | Shoals:4 | Found a runed translucent gate.
 32967 | Shoals:4 | Found a runed translucent gate.
 32970 | Shoals:4 | Found a runed translucent gate.
 33024 | Shoals:4 | Reached XP level 16. HP: 74/74 MP: 10/32
 33074 | Shoals:4 | HP: 3/74 [satyr/arrow (24)]
 33318 | Shoals:4 | Reached skill level 16 in Summonings
 33355 | Shoals:4 | Got Uthriofeb's Tome of Translocation
 33403 | Shoals:4 | Gained mutation: You are vulnerable to cold. (rC-)
                  | [mutagenic glow]
 33729 | Shoals:4 | Hit by a silver javelin thrown by a merfolk javelineer
 33730 | Shoals:4 | Reached XP level 15. HP: -5/70 MP: 6/31
 33876 | Lair:2   | Bought a book of the Dragon for 506 gold pieces
 33876 | Lair:2   | Bought the Book of Allied Location for 484 gold pieces
 35234 | Snake:2  | Found Haroq's General Store.
 35238 | Snake:2  | Bought a potion of heal wounds for 65 gold pieces
 35238 | Snake:2  | Bought a potion of brilliance for 52 gold pieces
 35238 | Snake:2  | Found Xucs's General Store.
 36580 | Snake:3  | Noticed Aizul
 36595 | Snake:3  | Killed Aizul
 36705 | Snake:3  | Noticed Asterion
 36715 | Snake:3  | Killed Asterion
 37008 | Snake:4  | Entered Level 4 of the Snake Pit
 37091 | Snake:4  | Noticed a nagaraja
 37091 | Snake:4  | Noticed a nagaraja
 37101 | Snake:4  | Killed a nagaraja
 37101 | Snake:4  | Killed a nagaraja
 37115 | Snake:4  | Reached XP level 16. HP: 48/75 MP: 11/33
 37292 | Snake:4  | Killed from afar by a salamander tyrant

Illustrated notes

Levels and vault maps discovered:
D:1:      ldierk_walled_garden, layout_basic, minmay_box_of_dots
D:2:      layout_basic, uniq_robin
D:3:      layout_rooms, kennysheep_generic_room_9, uniq_grinder
D:4:      layout_cave_pools, chequers_temple_overflow_minitemple,
          gammafunk_ghost_mausoleum, minmay_misc_feat_ornament,
          uniq_blork_the_orc
D:5:      layout_basic, minmay_temple_entry_large_hall,
          minmay_misc_feat_pillars, grunt_decor_one_mirror, uniq_sigmund,
          uniq_edmund
D:6:      layout_loops_ring, uniq_duvessa
D:7:      layout_layer_cave, kennysheep_windowed_goal, uniq_crazy_yiuf_cottage
D:8:      kennysheep_steamy, layout_basic, uniq_maurice, uniq_psyche,
          uniq_joseph, uniq_erica
D:9:      layout_gridville, dpeg_oklobed_lair, uniq_harold, uniq_pikel
D:10:     layout_loops_ring, nicolae_yredelemnul_corpse_copse,
          grunt_temple_overflow_diamond, serial_shops, shop,
          nicolae_blasting_shop, nicolae_shop_firing_range, uniq_erolcha,
          uniq_sonja
D:11:     layout_basic, minmay_orc_entry_temple_small,
          nicolae_sif_muna_little_library, uniq_gastronok
D:12:     minmay_isolated_rectangles_in_corner, layout_loops_cross,
          ebering_ghost_disaster_area
D:13:     layout_gridville, grunt_vaults_entry_fortified, serial_ice,
          serial_ice_o, serial_ice_h, serial_ice_i, serial_ice_m,
          minmay_variable_closet
D:14:     layout_irregular_city
D:15:     gammafunk_depths_entry_grave, layout_gridville, fedhas_altar_3,
          uniq_roxanne, uniq_nessos
Lair:1:   layout_regular_city, nicolae_lair_lakeside_cave, uniq_maggie
Lair:2:   layout_roguey, guppyfry_snake_entry_garden, serial_bayou_shore_b,
          grunt_megastairs_4
Lair:3:   layout_small_grid, elwin_shoals_entry_stream,
          pdpol_lair_cabin_in_the_woods
Lair:4:   layout_cave_pods, dpeg_slime_entry_enclosed, minivault_23,
          serial_bayou_shore_b
Lair:5:   hangedman_lair_caniforms_friends, layout_regular_city,
          hangedman_lair_in_review, st_stairs_7, serial_bayou_pond_b,
          nicolae_quartered_pool_impasse
Shoals:1: layout_shoals, serial_shops, shop, uniq_kirke, uniq_josephine,
          uniq_frances
Shoals:2: layout_shoals, st_shoals_ruin
Shoals:3: layout_shoals, nicolae_shoals_isolated_beach
Shoals:4: shoals_end_grunt_ice, layout_shoals, nicolae_shoals_beach_cooler
Snake:1:  layout_cave_pods, serial_bayou_shore_a, lemuel_fruit_tree,
          grunt_megastairs_2, uniq_jorgrun
Snake:2:  layout_honeycomb, nicolae_snake_ghostly_warrior_ritual,
          minmay_shoptagon
Snake:3:  layout_rooms, serial_bayou_shore_b, uniq_aizul, uniq_asterion
Snake:4:  snake_hunt, layout_chambers, serial_shops, nicolae_shop_stone,
          grunt_megastairs_1, uniq_agnes, uniq_bai_suzhen
Orc:1:    layout_caves, serial_shops, shop, nicolae_shop_hallway_stairs,
          nicolae_shop_statue_plus, nicolae_shop_crystal, nicolae_shop_stone,
          basic_altar, minmay_orc_temple_b
Orc:2:    st_orc_ogre_mass, layout_diamond_mine

Skill      XL: |  1  2  3  4  5  6  7  8  9 10 11 12 13 14 15 16 |
---------------+-------------------------------------------------+-----
Summonings     | 5 6 7 9 11 12 13 15 14 16 | 16.5
Hexes          | 1 4 5 |  5.0
Spellcasting   | 3 4 5 7 8 10 12 | 12.3
Dodging        | 3 4 5 7 9 11 13 14 | 14.6
Fighting       | 1 2 3 4 6 8 10 11 | 11.3
Air Magic      | 1 2 4 6 7 9 10 11 13 | 13.9
Translocations | 6 7 8 11 12 | 12.0
Unarmed Combat | 1 3 5 8 9 |  9.3
Transmutations | 4 6 9 10 12 | 12.1
Stealth        | |  2.6

Action                     |  1- 3 |  4- 6 |  7- 9 | 10-12 | 13-15 | 16-18 || total
---------------------------+-------+-------+-------+-------+-------+-------++-------
  Melee: Unarmed           |     8 |     8 |    18 |    43 |   360 |    35 ||   472
         Bite              |       |       |     2 |     6 |    17 |       ||    25
         Punch             |       |       |       |       |    15 |       ||    15
   Cast: Summon Small Mamm |    39 |    12 |    35 |    10 |       |       ||    96
         Call Imp          |     9 |    11 |    22 |    14 |     4 |       ||    60
         Call Canine Famil |     4 |    24 |    47 |    67 |   128 |    10 ||   280
         Summon Guardian G |       |     3 |    31 |    92 |   123 |     5 ||   254
         Summon Lightning  |       |       |    12 |   113 |   261 |    12 ||   398
         Inner Flame       |       |       |       |    10 |    21 |       ||    31
         Summon Cactus Gia |       |       |       |       |   116 |    13 ||   129
         Manifold Assault  |       |       |       |       |    75 |     7 ||    82
         Storm Form        |       |       |       |       |    70 |     8 ||    78
         Summon Forest     |       |       |       |       |    25 |     5 ||    30
 Invoke: Call Merchant     |       |       |       |     2 |     4 |       ||     6
         Potion Petition   |       |       |       |     1 |     3 |       ||     4
Ability: Blinkbolt         |       |       |       |       |    14 |     4 ||    18
  Evoke: Wand              |       |       |     2 |    11 |    23 |     2 ||    38
    Use: Scroll            |     4 |     3 |     1 |    16 |    15 |       ||    39
         Potion            |       |     1 |     3 |     7 |    11 |     1 ||    23
   Stab: Distracted        |       |       |       |       |     9 |     1 ||    10
         Sleeping          |       |       |       |       |     1 |       ||     1
 Armour: Skin              |     1 |     1 |     1 |     8 |    36 |     4 ||    51
  Dodge: Dodged            |    20 |    17 |    47 |   212 |   524 |    48 ||   868

Table legend: (Time is in decaauts)
 A = Elapsed time spent in this place.
 B = Non-inter-level travel time spent in this place.
 C = Inter-level travel time spent in this place.
 D = Time resting spent in this place.
 E = Time spent auto-exploring this place.
 F = Levels seen in this place.
 G = Mean time per level.
                   A        B        C        D        E       F      G
               +--------+--------+--------+--------+--------+-----+--------+
         Total |  33538 |  32188 |   1350 |   1105 |  23432 |  30 | 1117.9 |
       Dungeon |  15411 |  14601 |    810 |    400 |  10773 |  15 | 1027.4 |
          Lair |   7901 |   7568 |    333 |    537 |   4997 |   5 | 1580.2 |
        Shoals |   4782 |   4673 |    109 |     68 |   3583 |   4 | 1195.5 |
     Snake Pit |   3698 |   3640 |     58 |    100 |   2902 |   4 |  924.5 |
  Orcish Mines |   1744 |   1707 |     37 |      0 |   1175 |   2 |  872.0 |
               +--------+--------+--------+--------+--------+-----+--------+

Top non-repeatable levels by time:
  Lair:5: 2487 daAuts
  Lair:1: 1730 daAuts
  Lair:2: 1433 daAuts
    D:15: 1422 daAuts
 Snake:1: 1383 daAuts
Shoals:1: 1369 daAuts
    D:11: 1337 daAuts
     D:2: 1292 daAuts
     D:7: 1275 daAuts
    D:13: 1270 daAuts
Shoals:2: 1243 daAuts
    D:12: 1216 daAuts
Shoals:4: 1210 daAuts
 Snake:2: 1200 daAuts
  Lair:3: 1163 daAuts
